Map: Port Aleksander LE

Players

PtitDrogo

  • Race: Protoss Protoss
  • League: Master
  • Spawn Location: 5:00

Serral - Winner!

  • Race: Zerg Zerg
  • Spawn Location: 11:00

Event: 2019 WCS Winter Europe

VOD

Have the link to the VOD?

Description

Time

  • Played on: April 7, 2019, 1:51 p.m.
  • Length: 8:53

All games in this series

Show
View Real Time Build Order
Export as new Build Order

PtitDrogo Protoss 

Build Orders: 1 Gate Expand, Oracle Opening, Zealot Archon 

Get SALT Encoding   

  12  0:00  Probe  
  13  0:12  Probe  
  14  0:20  Pylon  
  14  0:24  Probe  
  15  0:29  Assimilator  
  15  0:35  Probe  
  16  0:43  Probe  
  16  0:44  Gateway  
  17  0:52  Probe  
  18  1:04  Probe  
  19  1:17  Probe  
  20  1:25  Nexus  
  20  1:34  Cybernetics Core  
  20  1:37  Probe  
  21  1:42  Assimilator  
  21  1:49  Probe  
  21  1:53  Pylon  
  22  2:01  Probe, Stalker  
  23  2:13  Probe  
  26  2:18  Stargate  
  26  2:25  Warp Gate  
  26  2:27  Probe  
  27  2:31  Adept  
  27  2:34  Probe  
  27  2:35  Probe  
  29  2:42  Probe  
  29  2:43  Probe  
  33  2:52  Probe  
  33  2:53  Probe, Oracle  
  35  3:04  Probe  
  39  3:10  Probe  
  39  3:11  Gateway  
  40  3:17  Gateway  
  40  3:19  Probe  
  41  3:22  Probe  
  41  3:25  Oracle, Pylon  
  42  3:34  Probe  
  46  3:40  Pylon  
  46  3:41  Pylon  
  46  3:46  Probe  
  48  3:48  Probe  
  48  3:52  Oracle  
  48  3:59  Probe  
  52  4:04  Probe  
  52  4:07  Assimilator  
  52  4:09  Assimilator  
  53  4:12  Adept  
  53  4:13  Adept x2  
  59  4:20  Probe  
  61  4:33  Adept x3, Pylon  
  67  4:40  Nexus  
  64  4:47  Probe x2  
  64  4:51  Robotics Facility  
  66  4:59  Probe, Forge, Twilight Council  
  67  5:03  Probe  
  68  5:17  Charge  
  65  5:26  Probe  
  66  5:29  Sentry x2  
  66  5:30  Sentry  
  66  5:34  Probe  
  73  5:36  Protoss Ground Weapons Level 1  
  73  5:37  Warp Prism  
  73  5:46  Probe  
  76  5:52  Gateway x2  
  76  5:53  Probe x2  
  76  5:54  Gateway  
  76  5:56  Gateway  
  78  5:57  Gateway  
  78  5:58  Probe, Gateway  
  79  6:04  Templar Archives  
  79  6:05  Probe  
  79  6:06  Probe  
  81  6:18  Probe x2, Pylon  
  83  6:21  Pylon  
  83  6:24  Pylon  
  83  6:32  Pylon  
  83  6:33  Pylon  
  84  6:40  Sentry  
  84  6:41  High Templar x2, Photon Cannon  
  84  6:45  Shield Battery, Archon  
  89  6:47  Zealot  
  89  6:48  Zealot  
  89  6:49  Zealot  
  95  7:00  Zealot  
  97  7:05  Zealot x3  
  103  7:08  High Templar  
  103  7:09  High Templar  
  103  7:13  Archon  
  103  7:15  Zealot x3  
  109  7:17  Probe  
  109  7:18  Immortal  
  109  7:20  Probe  
  109  7:22  Void Ray  
  105  7:27  Zealot x4  
  107  7:36  Zealot x2  
  107  7:37  Zealot  
  117  7:41  Zealot x2  
  115  7:55  Zealot x4  
  111  8:03  Zealot x3  
  98  8:12  High Templar x2  
  78  8:16  Archon  
  78  8:17  Probe  
  66  8:20  Zealot x2  
  66  8:21  Zealot x2  
Show
View Real Time Build Order
Export as new Build Order

Serral Zerg - Winner!

Build Orders: Hatch First 

Get SALT Encoding   

  12  0:00  Drone  
  13  0:12  Overlord  
  13  0:17  Drone  
  14  0:30  Drone x2  
  16  0:49  Hatchery  
  15  0:52  Drone  
  15  0:56  Drone  
  17  0:59  Drone  
  18  1:10  Extractor  
  17  1:15  Spawning Pool  
  17  1:18  Drone  
  17  1:21  Drone  
  18  1:28  Drone  
  19  1:38  Drone  
  20  1:49  Overlord  
  20  2:01  Queen x2  
  20  2:02  Zergling x4  
  26  2:10  Metabolic Boost  
  26  2:11  Drone  
  26  2:14  Drone  
  28  2:22  Drone x2  
  30  2:37  Hatchery  
  30  2:41  Overlord  
  29  2:45  Drone  
  29  2:47  Drone  
  29  2:50  Drone  
  32  2:54  Overlord  
  32  3:00  Queen  
  32  3:04  Drone  
  34  3:05  Drone  
  35  3:13  Drone x2  
  35  3:14  Overlord  
  35  3:16  Drone  
  35  3:19  Zergling x2  
  39  3:20  Drone  
  39  3:22  Drone  
  39  3:25  Drone  
  43  3:27  Drone  
  43  3:33  Spore Crawler  
  43  3:34  Drone  
  43  3:37  Queen  
  45  3:43  Drone x2  
  45  3:44  Spore Crawler  
  45  3:46  Drone  
  47  3:49  Zergling x2  
  47  3:54  Queen  
  50  3:56  Zergling x4  
  50  4:00  Drone x2  
  54  4:09  Overlord  
  55  4:10  Drone x3  
  55  4:13  Drone  
  55  4:17  Lair  
  57  4:26  Spore Crawler  
  57  4:27  Drone x3  
  61  4:31  Roach Warren  
  61  4:37  Overlord  
  60  4:38  Overlord  
  60  4:41  Drone x3  
  60  4:43  Drone  
  63  4:45  Extractor  
  63  4:46  Extractor, Zergling x4  
  63  4:50  Zergling x4  
  65  4:54  Overlord, Spore Crawler  
  65  4:56  Zergling x8  
  65  5:01  Zergling x2  
  66  5:12  Zergling x4  
  65  5:14  Drone x5  
  65  5:20  Drone  
  67  5:21  Drone x2  
  67  5:22  Drone x4  
  67  5:25  Drone  
  67  5:28  Glial Reconstitution  
  69  5:29  Drone  
  69  5:31  Drone  
  71  5:37  Overlord  
  71  5:38  Drone x3  
  74  5:43  Overlord  
  74  5:46  Roach  
  74  5:48  Roach  
  78  5:52  Nydus Network, Overseer  
  78  5:53  Extractor  
  78  5:54  Roach  
  78  5:55  Roach  
  80  6:02  Roach x2  
  80  6:03  Roach  
  85  6:06  Overlord  
  85  6:07  Roach x2  
  85  6:11  Roach x2  
  93  6:19  Zergling x8  
  97  6:30  Roach x2  
  97  6:32  Ravager x2  
  102  6:33  Zergling x10  
  107  6:42  Nydus Canal  
  107  6:44  Overlord x2  
  107  6:45  Roach x3  
  112  6:56  Roach  
  112  6:59  Nydus Canal  
  113  7:01  Roach x2  
  113  7:03  Roach x2  
  113  7:05  Roach x2  
  113  7:07  Roach  
  127  7:08  Roach x2  
  127  7:12  Roach x2  
  123  7:16  Roach x2  
  123  7:18  Roach  
  114  7:25  Zergling x8  
  114  7:29  Zergling x8  
  121  7:34  Nydus Canal  
  121  7:35  Roach  
  121  7:36  Roach x2  
  123  7:42  Zergling x6  
  126  7:45  Ravager  
  126  7:46  Ravager  
  126  7:52  Roach x2  
  128  8:01  Roach x2  
  128  8:03  Nydus Canal, Roach  
  128  8:05  Roach x2  
  127  8:07  Roach  
  127  8:10  Roach  
  127  8:11  Roach  
  128  8:16  Overlord x2  
  121  8:21  Nydus Canal  
Tags
 
Add a new tag
Caveats
  • Supply blocks, unpowered buildings, or Contaminate may cause inaccurate times.
  • Supply counts are checked every 10 seconds.